 Dungeon Crawl Stone Soup version 0.31.0-12-g77e489cdc1 (webtiles) character file.

Game seed: 11448295165867659189

71 DemonSlayer the Digger (level 4, 0/31 HPs)
             Began as a Demonspawn Earth Elementalist on Feb 19, 2024.
             Slain by a ball python (3 damage)
             ... on level 2 of the Dungeon.
             The game lasted 00:02:42 (1791 turns).

DemonSlayer the Digger (DsEE)                       Turns: 1791, Time: 00:02:44

Health: 0/31       AC:  3    Str:  8    XL:     4   Next: 5%
Magic:  1/7        EV:  9    Int: 15    God:
Gold:   81         SH:  0    Dex: 16    Spells: 3/7 levels left

rFire   + . .        g - +0 short sword (venom)
rCold   . . .        (no shield)
rNeg    . . .        a - +0 robe
rPois   .            (helmet restricted)
rElec   .            (no cloak)
rCorr   .            e - +0 pair of gloves
SInv    .            (no boots)
Will    .....        (no amulet)
Stlth   ++           j - ring of protection from fire
HPRegen 0.25/turn    (no ring)
MPRegen 0.10/turn

%: no passive effects
@: very slightly contaminated, slowed, constricted, very slow
A: antennae 2
a: no special abilities


You were on level 2 of the Dungeon.
You visited 1 branch of the dungeon, and saw 2 of its levels.

You collected 81 gold pieces.

Inventory:

Hand Weapons
 g - a +0 short sword of venom (weapon)
Armour
 a - a +0 robe (worn)
 e - a +0 pair of gloves (worn)
Jewellery
 j - a ring of protection from fire (left hand)
Scrolls
 d - a scroll of fog {unknown}
 i - a scroll of fear {unknown}
 k - a scroll of amnesia {unknown}
Potions
 b - 2 potions of magic
 c - a potion of brilliance {unknown}
 f - 2 potions of enlightenment {unknown}
 h - a potion of lignification {unknown}


   Skills:
 + Level 0.3 Fighting
 + Level 0.4 Short Blades
 + Level 2.4 Dodging
 + Level 2.6 Stealth
 + Level 2.4 Spellcasting
 + Level 1.0 Conjurations
 + Level 3.2 Earth Magic


You had 3 spell levels left.
You knew the following spells:

 Your Spells              Type           Power      Damage    Failure   Level
a - Sandblast             Erth           22%        2d7       5%          1
b - Stone Arrow           Conj/Erth      16%        3d8       26%         3

Your spell library contained the following spells:

 Spells                   Type           Power      Damage    Failure   Level
 Passwall                 Erth           11%        N/A       17%         3
 Brom's Barrelling Bould  Conj/Erth      8%         2d3       65%         4
 Petrify                  Alch/Erth      6%         N/A       73%         4


Dungeon Overview and Level Annotations

Branches:
Dungeon (2/15)

Altars:


Innate Abilities, Weirdness & Mutations

You have a pair of antennae on your head.


Message History

Natasha is heavily wounded.
Natasha claws you.
The ball python bites you but does no damage.
The ball python closely misses you. The ball python bites you.
The ball python barely misses you. Natasha claws you.
The blast of sand hits Natasha.
Natasha is almost dead.
The ball python barely misses you. The ball python grabs you.
The ball python constricts you.
Natasha stares at you and mumbles some strange words.
You feel yourself slow down.
The ball python bites you but does no damage.
The ball python constricts you.
You are too injured to fight recklessly!
Unknown command.
Casting: Sandblast (safe; 5% risk of failure)
Confirm with . or Enter, or press ? or * to list all spells.
Aiming: Sandblast (safe; 5% risk of failure)
Press: ? - help, Shift-Dir - straight line, f/p - Natasha
Aim: Natasha (almost dead, 77% to hit)
You miscast Sandblast.
Nothing appears to happen.
Natasha claws you!
* * * LOW HITPOINT WARNING * * *
The ball python barely misses you. The ball python constricts you.
Natasha claws you.
* * * LOW HITPOINT WARNING * * *
Casting: Sandblast (safe; 5% risk of failure)
Confirm with . or Enter, or press ? or * to list all spells.
Aiming: Sandblast (safe; 5% risk of failure)
Press: ? - help, Shift-Dir - straight line, f/p - Natasha
Aim: Natasha (almost dead, 77% to hit)
The blast of sand hits Natasha.
You kill Natasha!
Natasha screams in fury as she dies!
The ball python bites you.
* * * LOW HITPOINT WARNING * * *
The ball python constricts you. The ball python bites you.
* * * LOW HITPOINT WARNING * * *
The ball python constricts you. The endoplasm barely misses you.
The ball python bites you.
You die...

#..........## .
#.########...
...####.##########.
...............# ##
...###.†..)....#
#.........#
.##########.........#
......S.............#
......r@............#
......J.....#########
.#.########## # ####
######...


You could see an endoplasm, a ball python and a rat.

Vanquished Creatures
  Natasha (twice) (D:2)
  An adder (D:2)
  2 ball pythons (D:1)
  7 endoplasms
  A giant cockroach (D:1)
  3 goblins (D:1)
  2 hobgoblins (D:1)
  3 jackals (D:1)
  2 quokkas (D:1)
  4 bats
  4 kobolds
  4 rats (D:1)
35 creatures vanquished.

Notes
Turn   | Place    | Note
-------+----------+-------------------------------------------
     0 | D:1      | DemonSlayer the Demonspawn Earth Elementalist began the
                  | quest for the Orb.
     0 | D:1      | Reached XP level 1. HP: 13/13 MP: 3/3
   219 | D:1      | Gained mutation: You have a pair of small antennae on your
                  | head. [demonic ancestry]
   219 | D:1      | Reached XP level 2. HP: 19/19 MP: 1/5
   673 | D:1      | Reached skill level 3 in Earth Magic
   968 | D:1      | Gained mutation: You have a pair of antennae on your head.
                  | [demonic ancestry]
   968 | D:1      | Reached XP level 3. HP: 16/24 MP: 0/6
  1304 | D:1      | Learned a level 3 spell: Stone Arrow
  1427 | D:2      | Noticed Natasha
  1435 | D:2      | Killed Natasha
  1553 | D:2      | Found a faded altar of an unknown god.
  1663 | D:2      | Reached XP level 4. HP: 30/30 MP: 4/7
  1783 | D:2      | Noticed Natasha
  1791 | D:2      | Killed Natasha
  1791 | D:2      | Slain by a ball python

Illustrated notes

Levels and vault maps discovered:
D:1:      wander_arrival_chamber, layout_basic, minivault_5
D:2:      layout_basic, hellmonk_ecumenical_altar_crossroads, minmay_mini_jars,
          uniq_natasha

Skill      XL: |  1  2 |
---------------+-------+-----
Dodging        | 2 |  2.4
Stealth        | 2 |  2.6
Earth Magic    | 3 |  3.2
Fighting       | |  0.3
Short Blades   | |  0.4
Spellcasting   | |  2.4
Conjurations   | |  1.0

Action                     |  1- 3 |  4- 6 || total
---------------------------+-------+-------++-------
  Melee: Dagger            |    14 |       ||    14
         Short sword       |     9 |       ||     9
   Cast: Sandblast         |    31 |     8 ||    39
   Stab: Sleeping          |     7 |       ||     7
         Distracted        |     1 |       ||     1
 Armour: Robe              |    20 |    12 ||    32
  Dodge: Dodged            |    30 |     6 ||    36
